 Dungeon Crawl Stone Soup version 0.22-a0-246-gdc04c06 (webtiles) character file.

111 wolfsongas the Covered (level 4, -13/38 HPs)
             Began as a Gnoll Wanderer on Feb 23, 2018.
             Mangled by an ogre
             ... wielding a +0 giant club
              (16 damage)
             ... on level 3 of the Dungeon.
             The game lasted 00:02:41 (2443 turns).

wolfsongas the Covered (Gnoll Wanderer)             Turns: 2443, Time: 00:02:42

Health: -13/38     AC:  6    Str: 15    XL:     4   Next: 92%
Magic:  6/6        EV: 12    Int: 16    God:
Gold:   52         SH:  0    Dex: 13    Spells: 5/5 levels left

rFire    . . .     SeeInvis .   a - +2 falchion
rCold    . . .     Gourm    .   (no shield)
rNeg     . . .     Faith    .   c - +0 ring mail
rPois    .         Spirit   .   (no helmet)
rElec    .         Reflect  .   (no cloak)
rCorr    .         Harm     .   (no gloves)
MR       .....                  (no boots)
Stlth    +.........             (no amulet)
HPRegen  0.12/turn              (no ring)
MPRegen  0.10/turn              (no ring)

@: no status effects
A: distributed training, fangs 1, strong nose
a: no special abilities


You were on level 3 of the Dungeon.
You were hungry.

You visited 1 branch of the dungeon, and saw 3 of its levels.

You collected 52 gold pieces.

Inventory:

Hand Weapons
 a - a +2 falchion (weapon)
Armour
 c - a +0 ring mail (worn)
Scrolls
 g - a scroll of remove curse
Potions
 e - a potion of brilliance
 h - a potion of flight
Comestibles
 d - 6 rations


   Skills:
 + Level 4.7 Fighting
 + Level 1.2 Short Blades
 + Level 4.7 Long Blades
 + Level 1.2 Axes
 + Level 1.2 Maces & Flails
 + Level 1.2 Polearms
 + Level 1.2 Staves
 + Level 1.2 Slings
 + Level 1.2 Bows
 + Level 1.2 Crossbows
 + Level 2.8 Throwing
 + Level 4.7 Armour
 + Level 2.8 Dodging
 + Level 2.6 Stealth
 + Level 1.2 Shields
 + Level 1.2 Unarmed Combat
 + Level 1.2 Spellcasting
 + Level 1.0 Conjurations
 + Level 1.0 Hexes
 + Level 1.0 Charms
 + Level 1.0 Summonings
 + Level 1.0 Necromancy
 + Level 1.0 Translocations
 + Level 1.0 Transmutations
 + Level 1.0 Fire Magic
 + Level 1.0 Ice Magic
 + Level 1.0 Air Magic
 + Level 1.0 Earth Magic
 + Level 1.0 Poison Magic
 + Level 1.4 Invocations
 + Level 2.8 Evocations


You had 5 spell levels left.
You didn't know any spells.

Dungeon Overview and Level Annotations

Branches:
Dungeon (3/15)

Altars:
Makhleb


Innate Abilities, Weirdness & Mutations

Your experience applies equally to all skills.
You have very sharp teeth.
Your uncanny sense of smell can sniff out nearby items.


Message History

The ogre shouts!
Your ring mail prevents you from hitting the ogre.
The ogre closely misses you.
You riposte.
You hit the ogre. You bite the ogre.
The ogre is moderately wounded.
You hit the ogre but do no damage.
The ogre is moderately wounded.
You hit the ogre.
The ogre is moderately wounded.
The ogre hits you with a giant club!
* * * LOW HITPOINT WARNING * * *
You barely miss the ogre.
The ogre is moderately wounded.
The ogre misses you.
You barely miss the ogre.
The ogre is moderately wounded.
The ogre misses you.
You closely miss the ogre.
The ogre is moderately wounded.
The ogre hits you with a giant club!
You die...

... ## #. ...###### #.
#.## #.......#+#.
######..###.##..........
.......... ..+..........
.........##.##..........
.........#..............
......)..#..#.........).
.......@O#..#.........)#
.....?..(...#..........+
........#..............#
.............(..........
########.#.....#########
#.#.....# #.#..##.#####
#.#..##.....#
#.#..######.#####


You could see an ogre.

Vanquished Creatures
  6 adders
  3 worms (D:2)
  A leopard gecko (D:1)
  An orc (D:3)
  2 giant cockroaches
  8 goblins
  3 hobgoblins
  2 jackals (D:2)
  A quokka (D:2)
  6 bats
  2 frilled lizards
  6 kobolds
  5 rats
46 creatures vanquished.

Notes
Turn   | Place    | Note
-------+----------+-------------------------------------------
     0 | D:1      | wolfsongas the Gnoll Wanderer began the quest for the Orb.
     0 | D:1      | wolfsongas set off with: a +2 falchion, a potion of lignification, a +0 ring mail, a ration
     0 | D:1      | Reached XP level 1. HP: 20/20 MP: 2/2
   156 | D:1      | Reached XP level 2. HP: 26/26 MP: 3/3
   809 | D:2      | Reached XP level 3. HP: 31/31 MP: 4/4
   932 | D:2      | Reached skill level 1 in Invocations
  1086 | D:2      | Reached skill level 1 in Short Blades
  1086 | D:2      | Reached skill level 1 in Axes
  1086 | D:2      | Reached skill level 1 in Maces & Flails
  1086 | D:2      | Reached skill level 1 in Polearms
  1086 | D:2      | Reached skill level 1 in Staves
  1086 | D:2      | Reached skill level 1 in Slings
  1086 | D:2      | Reached skill level 1 in Bows
  1086 | D:2      | Reached skill level 1 in Crossbows
  1086 | D:2      | Reached skill level 1 in Shields
  1086 | D:2      | Reached skill level 1 in Unarmed Combat
  1086 | D:2      | Reached skill level 1 in Spellcasting
  1113 | D:2      | Reached XP level 4. HP: 16/38 MP: 6/6
  1373 | D:2      | Found a burning altar of Makhleb.
  1373 | D:2      | Noticed a balrug
  2105 | D:3      | Reached skill level 1 in Conjurations
  2105 | D:3      | Reached skill level 1 in Hexes
  2105 | D:3      | Reached skill level 1 in Charms
  2105 | D:3      | Reached skill level 1 in Summonings
  2105 | D:3      | Reached skill level 1 in Necromancy
  2105 | D:3      | Reached skill level 1 in Translocations
  2105 | D:3      | Reached skill level 1 in Transmutations
  2105 | D:3      | Reached skill level 1 in Fire Magic
  2105 | D:3      | Reached skill level 1 in Ice Magic
  2105 | D:3      | Reached skill level 1 in Air Magic
  2105 | D:3      | Reached skill level 1 in Earth Magic
  2105 | D:3      | Reached skill level 1 in Poison Magic
  2437 | D:3      | Noticed an ogre
  2443 | D:3      | Mangled by an ogre

Vault maps used:
D:1:      dpeg_arrival_simpleton_c
D:2:      makhleb_altar_promises_db
D:3:      grunt_temple_overflow_cloverleaf, old_standard_altar, first_ration,
          bh_chokoban

Skill      XL: |  1  2  3  4 |
---------------+-------------+-----
Invocations    | 1 |  1.4
Short Blades   | 1 |  1.2
Axes           | 1 |  1.2
Maces & Flails | 1 |  1.2
Polearms       | 1 |  1.2
Staves         | 1 |  1.2
Slings         | 1 |  1.2
Bows           | 1 |  1.2
Crossbows      | 1 |  1.2
Shields        | 1 |  1.2
Unarmed Combat | 1 |  1.2
Spellcasting   | 1 |  1.2
Conjurations   | 1 |  1.0
Hexes          | 1 |  1.0
Charms         | 1 |  1.0
Summonings     | 1 |  1.0
Necromancy     | 1 |  1.0
Translocations | 1 |  1.0
Transmutations | 1 |  1.0
Fire Magic     | 1 |  1.0
Ice Magic      | 1 |  1.0
Air Magic      | 1 |  1.0
Earth Magic    | 1 |  1.0
Poison Magic   | 1 |  1.0
Fighting       | |  4.7
Long Blades    | |  4.7
Throwing       | |  2.8
Armour         | |  4.7
Dodging        | |  2.8
Stealth        | |  2.6
Evocations     | |  2.8

Action                   |  1- 3 |  4- 6 || total
-------------------------+-------+-------++-------
Melee: Falchion          |    80 |    65 ||   145
       Bite              |     6 |     7 ||    13
  Use: Scroll            |     4 |     3 ||     7
       Potion            |       |     1 ||     1
 Stab: Sleeping          |     1 |     2 ||     3
  Eat: Chunk             |     1 |       ||     1
       Ration            |       |     1 ||     1
Armor: Ring mail         |    36 |    24 ||    60
Dodge: Dodged            |    51 |    33 ||    84
       Rpst.: Falchion   |    22 |     6 ||    28

Table legend:
 A = Spawn XP
 B = Non-spawn XP
 C = Spawn XP percentage of total XP
 D = Spawn monster count
 E = Non-spawn monster count
 F = Spawn count percentage of total count
 G = Total turns spent on level
                    A         B        C        D         E        F      G
               +---------+---------+-------+---------+---------+-------+---------
         Total |       0 |     159 |   0.0 |       0 |      46 |   0.0 |  2443
               +---------+---------+-------+---------+---------+-------+---------
           D:1 |       0 |      25 |   0.0 |       0 |      16 |   0.0 |   651
           D:2 |       0 |      95 |   0.0 |       0 |      21 |   0.0 |  1298
           D:3 |       0 |      39 |   0.0 |       0 |       9 |   0.0 |   494
               +---------+---------+-------+---------+---------+-------+---------
